 Dungeon Crawl Stone Soup version 0.29-a0-559-g359e09b9d1 (webtiles) character file.

Game seed: 5774306128861975582

81 Hubjo the Insei (level 4, 0/37 HPs)
             Began as a Demonspawn Transmuter on June 10, 2022.
             Was a Follower of Cheibriados.
             Slain by a worm (7 damage)
             ... on level 3 of the Dungeon.
             The game lasted 00:02:33 (2565 turns).

Hubjo the Insei (Demonspawn Transmuter)             Turns: 2565, Time: 00:02:34

Health: 0/37       AC:  4    Str: 13    XL:     4   Next: 20%
Magic:  6/7        EV: 12    Int: 17    God:    Cheibriados [*.....]
Gold:   119        SH:  0    Dex: 19    Spells: 6/7 levels left

rFire   . . .      SeeInvis .     - Unarmed
rCold   + + .      Faith    .   (no shield)
rNeg    . . .      Spirit   .   a - +0 robe
rPois   +          Reflect  .   (no helmet)
rElec   .          Harm     .   (no cloak)
rCorr   .          Rampage  .   (no gloves)
Will    .....                   (no boots)
Stlth   ++........              (no amulet)
HPRegen 0.12/turn               f - ring of protection from cold
MPRegen 0.10/turn               k - ring of poison resistance

@: very slow
A: rugged brown scales 1, powered by pain 1, cold resistance 1, robust 1, shaggy
fur 1
a: Renounce Religion, Bend Time


You were on level 3 of the Dungeon.
You worshipped Cheibriados.
Cheibriados was aware of your devotion.
You visited 1 branch of the dungeon, and saw 3 of its levels.

You collected 119 gold pieces.

Inventory:

Armour
 a - a +0 robe (worn)
Jewellery
 f - a ring of protection from cold (left hand)
 j - a ring of protection from cold
 k - a ring of poison resistance (right hand)
 p - a ring of resist corrosion
Wands
 r - a wand of iceblast (7)
Scrolls
 d - a scroll of enchant armour
 m - a scroll of amnesia
 n - a scroll of immolation {unknown}
Potions
 b - 2 potions of lignification
 e - 2 potions of attraction {unknown}
 g - 3 potions of invisibility {unknown}
 h - a potion of ambrosia {unknown}
 i - 2 potions of curing {unknown}
 l - 2 potions of heal wounds {unknown}
 o - a potion of degeneration {unknown}
 q - a potion of brilliance {unknown}


   Skills:
 + Level 2.3 Fighting
 - Level 1.7 Dodging
 + Level 1.3 Stealth
 + Level 3.1 Unarmed Combat
 + Level 2.4 Spellcasting
 * Level 2.4 Transmutations


You had 6 spell levels left.
You knew the following spells:

 Your Spells              Type           Power      Damage    Failure   Level
a - Beastly Appendage     Tmut           20%        N/A       7%          1

Your spell library contained the following spells:

 Spells                   Type           Power      Damage    Failure   Level
 Wereblood                Tmut           10%        N/A       11%         2
 Spider Form              Tmut/Pois      6%         N/A       34%         3
 Ice Form                 Ice/Tmut       6%         N/A       75%         4


Dungeon Overview and Level Annotations

Branches:
Dungeon (3/15)

Altars:
Cheibriados
Ru

Shops:
D:2 [


Innate Abilities, Weirdness & Mutations

You are partially covered in rugged brown scales. (AC +1, +3% HP)
You sometimes gain a little power by taking damage.
Your flesh is cold resistant. (rC+)
You are robust. (+10% HP)
You are covered in fur. (AC +1)


Message History

Your punch misses the orc wizard.
The orc wizard is moderately wounded.
You hit the orc wizard. Your headbutt misses the orc wizard.
The orc wizard is severely wounded.
Your transformation is almost over.
The orc wizard misses you.
You closely miss the orc wizard. You headbutt the orc wizard.
You kill the orc wizard!
Cheibriados appreciates the change of pace.
You have reached level 4!
You feel agile.
You barely miss the orc. Your kick misses the orc.
The orc hits you with a +0 club.
* * * LOW HITPOINT WARNING * * *
You hit the orc.
The orc is almost dead.
The orc barely misses you.
You closely miss the orc. You claw the orc.
You kill the orc!
Cheibriados appreciates the change of pace.
You hit the orc. You claw the orc. Your headbutt misses the orc.
The orc is heavily wounded.
The orc closely misses you.
You closely miss the orc. Your kick misses the orc.
The orc is heavily wounded.
The orc closely misses you.
You hit the orc.
You kill the orc!
Cheibriados appreciates the change of pace.
You hit the worm but do no damage. You claw the worm.
Your headbutt misses the worm.
The worm is moderately wounded.
The worm bites you but does no damage.
You hit the worm.
The worm is heavily wounded.
You hit the worm. You claw the worm, but do no damage.
The worm is heavily wounded.
Your horns disappear.
Your talons disappear.
The worm bites you!
You die...

#.. > #### #.. #. ..# #..
####### #.####.# #..
#......## ##...#.#####..
#.....#.###.##.#........
#..)..#..............
#.....#w#.#.............
#.....#@# #.##.#######..
#######.# #.##.# #.. #.#
#.##.# #.. ### #.# #.##.#
#.. ..# #.###.##.# #..
#.# #........#######..
#.#######..........##.
#<##...##.............
#.##.##...<.............#


You could see a worm.

Vanquished Creatures
  An orc wizard (D:3)
  2 adders (D:2)
  A worm (D:3)
  A dart slug (D:2)
  3 orcs (D:3)
  4 endoplasms
  5 giant cockroaches
  2 goblins (D:1)
  A hobgoblin (D:2)
  A quokka (D:1)
  A ball python (D:1)
  2 bats
  2 frilled lizards (D:2)
  4 kobolds
  3 rats
33 creatures vanquished.

Notes
Turn   | Place    | Note
-------+----------+-------------------------------------------
     0 | D:1      | Hubjo the Demonspawn Transmuter began the quest for the
                  | Orb.
     0 | D:1      | Reached XP level 1. HP: 15/15 MP: 3/3
  1029 | D:1      | Gained mutation: You sometimes gain a little power by
                  | taking damage. [demonic ancestry]
  1029 | D:1      | Reached XP level 2. HP: 21/21 MP: 3/5
  1376 | D:2      | Found a faded altar of an unknown god.
  1394 | D:2      | Found a faded altar of an unknown god.
  1403 | D:2      | Prayed at the altar of an unknown god.
  1403 | D:2      | Became a worshipper of Ru the Awakened
  1418 | D:2      | Prayed at the altar of an unknown god.
  1418 | D:2      | Fell from the grace of Ru
  1418 | D:2      | Became a worshipper of Cheibriados the Contemplative
  1418 | D:2      | Reached * piety under Cheibriados
  1586 | D:2      | Gained mutation: You are partially covered in rugged brown
                  | scales. (AC +1, +3% HP) [demonic ancestry]
  1586 | D:2      | Reached XP level 3. HP: 22/27 MP: 4/6
  1708 | D:2      | Found Miskiole's Antique Armour Boutique.
  1838 | D:2      | Reached skill level 1 in Stealth
  1838 | D:2      | Reached skill level 3 in Unarmed Combat
  2550 | D:3      | Gained mutation: You are weak. (Str -2) [potion of
                  | mutation]
  2550 | D:3      | Gained mutation: You are somewhat resistant to further
                  | mutation. [potion of mutation]
  2551 | D:3      | Lost mutation: You are somewhat resistant to further
                  | mutation. [potion of mutation]
  2551 | D:3      | Lost mutation: You are weak. (Str -2) [potion of mutation]
  2551 | D:3      | Gained mutation: Your flesh is cold resistant. (rC+)
                  | [potion of mutation]
  2552 | D:3      | Lost mutation: Your flesh is cold resistant. (rC+) [potion
                  | of mutation]
  2552 | D:3      | Gained mutation: You are robust. (+10% HP) [potion of
                  | mutation]
  2552 | D:3      | Gained mutation: You are covered in fur. (AC +1) [potion of
                  | mutation]
  2552 | D:3      | Gained mutation: Your flesh is cold resistant. (rC+)
                  | [potion of mutation]
  2557 | D:3      | Reached XP level 4. HP: 7/37 MP: 5/7
  2565 | D:3      | Slain by a worm

Illustrated notes

Levels and vault maps discovered:
D:1:      giann_horns, layout_loops_ring
D:2:      layout_loops_ring, hellmonk_ecumenical_altar_the_god_not_taken,
          serial_shops, shop, st_stairs_1, dk_noncrumbling_4
D:3:      layout_loops_cross, minmay_statues_item

Skill      XL: |  1  2  3 |
---------------+----------+-----
Transmutations | 2 |  2.4
Fighting       | 2 |  2.3
Stealth        | 1 |  1.3
Unarmed Combat | 3 |  3.1
Dodging        | |  1.7
Spellcasting   | |  2.4

Action                   |  1- 3 |  4- 6 || total
-------------------------+-------+-------++-------
Melee: Unarmed           |    83 |     9 ||    92
       Kick              |    23 |     4 ||    27
       Headbutt          |    12 |       ||    12
 Cast: Beastly Appendage |    25 |       ||    25
  Use: Potion            |     3 |       ||     3
       Scroll            |     2 |       ||     2
 Stab: Sleeping          |     4 |       ||     4
Armor: Robe              |    13 |     1 ||    14
Dodge: Dodged            |    44 |     3 ||    47

Table legend: (Time is in decaauts)
 A = Elapsed time spent in this place.
 B = Non-inter-level travel time spent in this place.
 C = Inter-level travel time spent in this place.
 D = Time resting spent in this place.
 E = Time spent auto-exploring this place.
 F = Levels seen in this place.
 G = Mean time per level.
                   A        B        C        D        E       F      G
               +--------+--------+--------+--------+--------+-----+--------+
         Total |   2816 |   2775 |     41 |      0 |   2489 |   3 |  938.7 |
       Dungeon |   2816 |   2775 |     41 |      0 |   2489 |   3 |  938.7 |
               +--------+--------+--------+--------+--------+-----+--------+

Top non-repeatable levels by time:
     D:2: 1255 daAuts
     D:1: 1143 daAuts
     D:3: 417 daAuts
